APL (24 & UNDER)
BEAVERTON BRONZE SOULS @ DETROIT DIRTY SNOW
08/06/2029
 
TOP OF THE 1ST
Beaverton Bronze Souls batting - Pitching for Detroit Dirty Snow : RHP Chuck Sepúlveda
Pitching: RHP Chuck Sepúlveda
Batting: LHB Manuel Félix 0-0: Called Strike
0-1: Foul Ball, location: 2F
0-2: Foul Ball, location: 2F
0-2: Strikes out swinging
Batting: RHB Marshall Gross 0-0: Ball
1-0: Ball
2-0: Swinging Strike
2-1: Reached on error, E4 (Groundball, 34)
Batting: LHB Balduíno Bruschy 0-0: Ball
1-0: Ball
2-0: Grounds into double play, 6-4-3 (Groundball, 6)
Top of the 1st over - 0 runs, 0 hits, 1 error, 0 left on base; Beaverton 0 - Detroit 0
BOTTOM OF THE 1ST
Detroit Dirty Snow batting - Pitching for Beaverton Bronze Souls : RHP Arlen Wright
Pitching: RHP Arlen Wright
Batting: SHB Martin Goodwin 0-0: Ball
1-0: Ground out U3 (Groundball, 34S)
Batting: SHB Alfonso Romero 0-0: Called Strike
0-1: Called Strike
0-2: Strikes out looking
Batting: RHB Guo-liang Lian 0-0: Called Strike
0-1: Swinging Strike
0-2: Ball
1-2: Ball
2-2: Foul Ball, location: 2F
2-2: Foul Ball, location: 2F
2-2: Foul Ball, location: 2F
2-2: Fly out, F7 (Line Drive, 78M)
Bottom of the 1st over - 0 runs, 0 hits, 0 errors, 0 left on base; Beaverton 0 - Detroit 0
TOP OF THE 2ND
Beaverton Bronze Souls batting - Pitching for Detroit Dirty Snow : RHP Chuck Sepúlveda
Batting: RHB Cameron Irwin 0-0: Called Strike
0-1: Swinging Strike
0-2: Ball
1-2: Ball
2-2: Ground out 4-3 (Groundball, 4D)
Batting: RHB Dan Cross 0-0: Ground out 5-3 (Groundball, 56)
Batting: RHB Burt Sharp 0-0: Called Strike
0-1: Foul Ball, location: 2F
0-2: Foul Ball, location: 2F
0-2: Strikes out swinging
Top of the 2nd over - 0 runs, 0 hits, 0 errors, 0 left on base; Beaverton 0 - Detroit 0
BOTTOM OF THE 2ND
Detroit Dirty Snow batting - Pitching for Beaverton Bronze Souls : RHP Arlen Wright
Batting: LHB Luis Salazar 0-0: Called Strike
0-1: Swinging Strike
0-2: Strikes out swinging
Batting: RHB Paul Liddle 0-0: Swinging Strike
0-1: Foul Ball, location: 2F
0-2: Ball
1-2: Strikes out swinging
Batting: RHB António Aguilera 0-0: Swinging Strike
0-1: Ball
1-1: Foul Ball, location: 2F
1-2: Ball
2-2: Ball
3-2: Foul Ball, location: 2F
3-2: SINGLE (Groundball, 56D)
Batting: RHB Wosene Garane 0-0: Fly out, F6 (Line Drive, 6M)
Bottom of the 2nd over - 0 runs, 1 hit, 0 errors, 1 left on base; Beaverton 0 - Detroit 0
TOP OF THE 3RD
Beaverton Bronze Souls batting - Pitching for Detroit Dirty Snow : RHP Chuck Sepúlveda
Batting: RHB Jacob Glasspool 0-0: Ball
1-0: Ball
2-0: Swinging Strike
2-1: Swinging Strike
2-2: Strikes out swinging
Batting: RHB Carlos Carrillo 0-0: Swinging Strike
0-1: Called Strike
0-2: Ball
1-2: Ball
2-2: Strikes out swinging
Batting: RHB Robbie Barnes 0-0: Foul Ball, location: 2F
0-1: Ball
1-1: Ball
2-1: Ball
3-1: Base on Balls
Batting: LHB Manuel Félix 0-0: Ball
1-0: Ball
2-0: Foul Ball, location: 2F
2-1: Fly out, F9 (Flyball, 9S)
Top of the 3rd over - 0 runs, 0 hits, 0 errors, 1 left on base; Beaverton 0 - Detroit 0
BOTTOM OF THE 3RD
Detroit Dirty Snow batting - Pitching for Beaverton Bronze Souls : RHP Arlen Wright
Batting: LHB Lee Jenkins 0-0: Ball
1-0: Ground out 5-3 (Groundball, 56)
Batting: RHB Albert Cortéz 0-0: Ball
1-0: Ball
2-0: Foul Ball, location: 2F
2-1: Foul Ball, location: 2F
2-2: Strikes out swinging
Batting: SHB Martin Goodwin 0-0: Ball
1-0: Called Strike
1-1: Fly out, F4 (Line Drive, 4)
Bottom of the 3rd over - 0 runs, 0 hits, 0 errors, 0 left on base; Beaverton 0 - Detroit 0
TOP OF THE 4TH
Beaverton Bronze Souls batting - Pitching for Detroit Dirty Snow : RHP Chuck Sepúlveda
Batting: RHB Marshall Gross 0-0: Ball
1-0: Ball
2-0: Ball
3-0: Base on Balls
Batting: LHB Balduíno Bruschy 0-0: Ball
1-0: Fly out, F7 (Flyball, 7S)
Batting: RHB Cameron Irwin 0-0: Swinging Strike
0-1: Foul Ball, location: 2F
0-2: Strikes out swinging
Batting: RHB Dan Cross 0-0: Swinging Strike
0-1: Ball
1-1: Foul Ball, location: 2F
1-2: Strikes out looking
Top of the 4th over - 0 runs, 0 hits, 0 errors, 1 left on base; Beaverton 0 - Detroit 0
BOTTOM OF THE 4TH
Detroit Dirty Snow batting - Pitching for Beaverton Bronze Souls : RHP Arlen Wright
Batting: SHB Alfonso Romero 0-0: Ball
1-0: Swinging Strike
1-1: Foul Ball, location: 2F
1-2: Ball
2-2: Foul Ball, location: 2F
2-2: Fly out, F8 (Line Drive, 8LD)
Batting: RHB Guo-liang Lian 0-0: Ground out 6-3 (Groundball, 6)
Batting: LHB Luis Salazar 0-0: Called Strike
0-1: Ground out 6-3 (Groundball, 6)
Bottom of the 4th over - 0 runs, 0 hits, 0 errors, 0 left on base; Beaverton 0 - Detroit 0
TOP OF THE 5TH
Beaverton Bronze Souls batting - Pitching for Detroit Dirty Snow : RHP Chuck Sepúlveda
Batting: RHB Burt Sharp 0-0: Called Strike
0-1: Ball
1-1: Called Strike
1-2: Ball
2-2: Ball
3-2: Foul Ball, location: 2F
3-2: Foul Ball, location: 2F
3-2: Strikes out swinging
Batting: RHB Jacob Glasspool 0-0: Foul Ball, location: 2F
0-1: Foul Ball, location: 2F
0-2: Ball
1-2: Ball
2-2: Strikes out looking
Batting: RHB Carlos Carrillo 0-0: Foul Ball, location: 2F
0-1: Swinging Strike
0-2: Ground out 5-3 (Groundball, 56S)
Top of the 5th over - 0 runs, 0 hits, 0 errors, 0 left on base; Beaverton 0 - Detroit 0
BOTTOM OF THE 5TH
Detroit Dirty Snow batting - Pitching for Beaverton Bronze Souls : RHP Arlen Wright
Batting: RHB Paul Liddle 0-0: Foul Ball, location: 2F
0-1: Ball
1-1: Ball
2-1: Foul Ball, location: 2F
2-2: Ball
3-2: Ground out U3 (Groundball, 3)
Batting: RHB António Aguilera 0-0: Called Strike
0-1: Ball
1-1: Ball
2-1: SINGLE (Line Drive, 34)
Batting: RHB Wosene Garane 0-0: Ball
1-0: Called Strike
António Aguilera steals 2nd base
1-1: DOUBLE (Line Drive, 8LXD)
António Aguilera scores
Batting: LHB Lee Jenkins 0-0: Intentional Walk
Batting: RHB Albert Cortéz 0-0: Ball
1-0: Ball
2-0: 3-RUN HOME RUN (Flyball, 7LD), Distance : 345 ft
Batting: SHB Martin Goodwin 0-0: Called Strike
0-1: Ball
1-1: Fly out, F3 (Popup, 34)
Batting: SHB Alfonso Romero 0-0: Called Strike
0-1: Ball
1-1: Foul Ball, location: 2F
1-2: Foul Ball, location: 2F
1-2: Fly out, F8 (Flyball, 78M)
Bottom of the 5th over - 4 runs, 3 hits, 0 errors, 0 left on base; Beaverton 0 - Detroit 4
TOP OF THE 6TH
Beaverton Bronze Souls batting - Pitching for Detroit Dirty Snow : RHP Chuck Sepúlveda
Batting: RHB Robbie Barnes 0-0: Ball
1-0: Called Strike
1-1: Ground out 4-3 (Groundball, 4)
Batting: LHB Manuel Félix 0-0: Called Strike
0-1: Ball
1-1: Ball
2-1: Foul Ball, location: 2F
2-2: SINGLE (Line Drive, 78M)
Pitching: RHP Mark Messier
Batting: RHB Marshall Gross 0-0: Called Strike
0-1: Fly out, F4 (Line Drive, 4)
Batting: LHB Balduíno Bruschy 0-0: Ball
1-0: Fly out, F9 (Flyball, 9S)
Top of the 6th over - 0 runs, 1 hit, 0 errors, 1 left on base; Beaverton 0 - Detroit 4
BOTTOM OF THE 6TH
Detroit Dirty Snow batting - Pitching for Beaverton Bronze Souls : RHP Arlen Wright
Batting: RHB Guo-liang Lian 0-0: SINGLE (Groundball, 56D)
Batting: LHB Luis Salazar 0-0: Ball
1-0: Ball
2-0: Called Strike
2-1: Swinging Strike
2-2: Strikes out looking
Batting: RHB Paul Liddle 0-0: Ball
1-0: Ball
2-0: Foul Ball, location: 2F
2-1: Ball
3-1: Swinging Strike
3-2: Foul Ball, location: 2F
3-2: Strikes out looking
Batting: RHB António Aguilera 0-0: SINGLE (Groundball, 56D)
Guo-liang Lian to second
Batting: RHB Wosene Garane 0-0: Foul Ball, location: 2F
0-1: Foul Ball, location: 2F
0-2: Strikes out swinging
Bottom of the 6th over - 0 runs, 2 hits, 0 errors, 2 left on base; Beaverton 0 - Detroit 4
TOP OF THE 7TH
Beaverton Bronze Souls batting - Pitching for Detroit Dirty Snow : RHP Mark Messier
Batting: RHB Cameron Irwin 0-0: Ball
1-0: Foul Ball, location: 2F
1-1: SINGLE (Groundball, 6) (infield hit)
Batting: RHB Dan Cross 0-0: Called Strike
0-1: Ball
1-1: Swinging Strike
1-2: Ball
2-2: Strikes out swinging
Batting: RHB Burt Sharp 0-0: Called Strike
0-1: Foul Ball, location: 2F
0-2: Fly out, F7 (Flyball, 7D)
Batting: RHB Jacob Glasspool 0-0: Called Strike
0-1: Ball
1-1: Foul Ball, location: 2F
1-2: Ground out 5-3 (Groundball, 56S)
Top of the 7th over - 0 runs, 1 hit, 0 errors, 1 left on base; Beaverton 0 - Detroit 4
BOTTOM OF THE 7TH
Detroit Dirty Snow batting - Pitching for Beaverton Bronze Souls : RHP Arlen Wright
Batting: LHB Lee Jenkins 0-0: Foul Ball, location: 2F
0-1: Ball
1-1: Called Strike
1-2: Fly out, F7 (Flyball, 7D)
Batting: RHB Albert Cortéz 0-0: Called Strike
0-1: SINGLE (Groundball, 56D)
Batting: SHB Martin Goodwin 0-0: Ball
1-0: Called Strike
1-1: Foul Ball, location: 2F
1-2: Grounds into double play, 4-6-3 (Groundball, 4M)
Bottom of the 7th over - 0 runs, 1 hit, 0 errors, 0 left on base; Beaverton 0 - Detroit 4
TOP OF THE 8TH
Beaverton Bronze Souls batting - Pitching for Detroit Dirty Snow : RHP Mark Messier
Batting: RHB Carlos Carrillo 0-0: Foul Ball, location: 2F
0-1: Ball
1-1: Called Strike
1-2: SINGLE (Line Drive, 6D)
Batting: RHB Robbie Barnes 0-0: Ball
1-0: Called Strike
1-1: Called Strike
1-2: Foul Ball, location: 2F
1-2: Ball
2-2: Fly out, F9 (Flyball, 9LMF)
Batting: LHB Manuel Félix 0-0: Called Strike
0-1: Called Strike
0-2: Strikes out looking
Batting: RHB Marshall Gross 0-0: Ball
1-0: Called Strike
Balk!
Carlos Carrillo to second
1-1: Swinging Strike
1-2: Fly out, F4 (Popup, 4S)
Top of the 8th over - 0 runs, 1 hit, 0 errors, 1 left on base; Beaverton 0 - Detroit 4
BOTTOM OF THE 8TH
Detroit Dirty Snow batting - Pitching for Beaverton Bronze Souls : RHP Arlen Wright
Batting: SHB Alfonso Romero 0-0: Ball
1-0: DOUBLE (Line Drive, 9LM)
Pitching: RHP Ramiro Castaneda
Batting: RHB Guo-liang Lian 0-0: Ball
1-0: Foul Ball, location: 2F
1-1: Called Strike
1-2: Ball
2-2: Strikes out swinging
Batting: LHB Luis Salazar 0-0: Called Strike
0-1: Ball
1-1: 2-RUN HOME RUN (Flyball, 89XD), Distance : 408 ft
Batting: RHB Paul Liddle 0-0: Called Strike
0-1: Foul Ball, location: 2F
0-2: Ball
1-2: Foul Ball, location: 2F
1-2: Ball
2-2: Ball
3-2: Ground out 4-3 (Groundball, 4)
Batting: RHB António Aguilera 0-0: Ball
1-0: Ground out 5-3 (Groundball, 5)
Bottom of the 8th over - 2 runs, 2 hits, 0 errors, 0 left on base; Beaverton 0 - Detroit 6
TOP OF THE 9TH
Beaverton Bronze Souls batting - Pitching for Detroit Dirty Snow : RHP Mark Messier
Batting: LHB Balduíno Bruschy 0-0: Ball
1-0: Fly out, F8 (Flyball, 89D)
Batting: RHB Cameron Irwin 0-0: Called Strike
0-1: Swinging Strike
0-2: Ball
1-2: Foul Ball, location: 2F
1-2: Ball
2-2: Ball
3-2: Base on Balls
Batting: RHB Dan Cross 0-0: Ball
1-0: Called Strike
1-1: Ball
2-1: Ball
3-1: Called Strike
3-2: Foul Ball, location: 2F
3-2: Base on Balls
Cameron Irwin to second
Batting: RHB Burt Sharp 0-0: Called Strike
0-1: SINGLE (Groundball, 6MD)
Cameron Irwin to third
Dan Cross to second
Batting: RHB Jacob Glasspool 0-0: Called Strike
0-1: Ball
1-1: Fielders Choice at 2nd, 6-4 (Groundball, 6)
Cameron Irwin scores
Dan Cross to third
Batting: RHB Carlos Carrillo 0-0: Called Strike
0-1: SINGLE (Line Drive, 6MD)
Dan Cross scores
Jacob Glasspool to second
Batting: RHB Robbie Barnes 0-0: Foul Ball, location: 2F
0-1: Foul Ball, location: 2F
0-2: Strikes out swinging
Top of the 9th over - 2 runs, 2 hits, 0 errors, 2 left on base; Beaverton 2 - Detroit 6
Saturday, December 16th, 2017 - OOTP Baseball 18.8 Build 76